 Dungeon Crawl Stone Soup version 0.17.0-24-gcfadda4 (webtiles) character file.

99 RepoMan the Chopper (level 4, 0/37 HPs)
             Began as a Minotaur Warper on Nov 14, 2015.
             Slain by Clownie's ghost (11 damage)
             ... on level 3 of the Dungeon.
             The game lasted 00:11:58 (1954 turns).

RepoMan the Chopper (Minotaur Warper)               Turns: 1954, Time: 00:11:58

Health: 0/37       AC:  3    Str: 16    XL:     4   Next: 45%
Magic:  1/5        EV: 12    Int: 10    God:
Gold:   136        SH:  0    Dex: 10    Spells: 2 memorised, 3 levels left

rFire  . . .     SeeInvis .     a - +0 hand axe
rCold  . . .     Clarity  .     b - +0 leather armour
rNeg   . . .     SustAt   .     (no shield)
rPois  .         Gourm    .     (helmet restricted)
rElec  .         Spirit   .     (no cloak)
rCorr  .         Warding  .     (no gloves)
rMut   .         Stasis   .     (no boots)
MR     .....                    (no amulet)
Stlth  +.........               (no ring)
                                (no ring)

@: not resistant to hostile enchantments, very unstealthy
A: retaliatory headbutt, horns 2
a: no special abilities


You were on level 3 of the Dungeon.
You were hungry.

You visited 1 branch of the dungeon, and saw 3 of its levels.

You collected 136 gold pieces.

Inventory:

Hand Weapons
 a - a +0 hand axe (weapon)
Missiles
 e - 3 tomahawks of dispersal (quivered)
 m - 17 bolts
 n - 2 tomahawks
Armour
 b - a +0 leather armour (worn)
Jewellery
 s - an uncursed amulet of rage {unknown}
Scrolls
 d - a scroll of blinking
 g - 2 scrolls of enchant weapon {unknown}
 j - a scroll of teleportation {unknown}
 k - a scroll of random uselessness {unknown}
 r - a scroll of identify {unknown}
 t - a scroll of remove curse {unknown}
Potions
 h - a potion of agility {unknown}
 i - a potion of lignification {unknown}
 q - 3 potions of curing {unknown}
Books
 c - a book of Spatial Translocations

   Spells                             Type                      Level
   a - Apportation                    Translocation                1
   b - Blink                          Translocation                2
   c - Shroud of Golubria             Charms/Translocation         2
   d - Portal Projectile              Translocation                3
   e - Teleport Other                 Translocation                3
   f - Passage of Golubria            Translocation                4
Comestibles
 f - 2 bread rations
 l - 2 slices of pizza
 o - 5 fruits
 p - 4 chunks of flesh
 u - a meat ration


   Skills:
 + Level 2.9 Fighting
 * Level 3.6 Axes
 - Level 1.0 Throwing
 - Level 1.2 Armour
 + Level 2.8 Dodging
 + Level 1.8 Spellcasting
 * Level 2.7 Translocations


You had 3 spell levels left.
You knew the following spells:

 Your Spells              Type           Power        Failure   Level  Hunger
a - Apportation           Tloc           #.........   14%         1    ##.....
b - Blink                 Tloc           N/A          21%         2    ###....


Dungeon Overview and Level Annotations

Branches:
Dungeon (3/15)

Altars:
Fedhas
Kikubaaqudgha
Xom
Zin

Annotations:
D:3 Clownie's ghost, amateur OpBe


Innate Abilities, Weirdness & Mutations

You reflexively headbutt those who attack you in melee.
You have a pair of horns on your head.


Message History

You blink.
A hobgoblin comes into view. It is wielding a club.
The hobgoblin shouts!
Found 20 sling bullets.
Clownie's ghost says, "I break bones and crack skulls... with my bare hands."
You see here a tomahawk.
You see here a tomahawk.
Throwing (i - inventory. (,) - cycle):
e - 5 tomahawks of dispersal
Press: ? - help, Shift-Dir - straight line, f/p - Clownie's ghost
Aim: Clownie's ghost (moderately damaged)
You throw a tomahawk of dispersal.
The tomahawk of dispersal misses Clownie's ghost.
Throwing (i - inventory. (,) - cycle):
e - 4 tomahawks of dispersal (quivered)
Press: ? - help, Shift-Dir - straight line, f/p - Clownie's ghost
Aim: Clownie's ghost (moderately damaged)
You throw a tomahawk of dispersal.
The tomahawk of dispersal hits Clownie's ghost but does no damage.
Clownie's ghost is moderately damaged.
Clownie's ghost hits you!
You die...

# #....# #.#
#############...(#########.######
............'....(.(..........(..
..###########....#########..###..
#.# #...(# ##.# # #'### #....#
#.# ....# #....# #.. ....# #....#
##.# ....# #..W@# .#
....#########..g.# .#
....#.........(..#
....#..........###
....#..........####
#####............?#
#.........#.#.# #.........._..#
#.........#.###


You could see Clownie's ghost and a hobgoblin.

Vanquished Creatures
  Jessica (D:2)
  An adder (D:2)
  2 worms
  2 giant geckos
  An orc (D:3)
  A ball python (D:1)
  10 bats
  7 goblins
  8 hobgoblins
  4 kobolds
  A quokka (D:3)
  6 giant cockroaches
  A giant newt (D:2)
  4 rats
49 creatures vanquished.

Notes
Turn   | Place    | Note
--------------------------------------------------------------
     0 | D:1      | RepoMan the Minotaur Warper began the quest for the Orb.
     0 | D:1      | Reached XP level 1. HP: 18/18 MP: 1/1
   261 | D:1      | Reached XP level 2. HP: 25/25 MP: 3/3
   348 | D:1      | Learned a level 2 spell: Blink
   914 | D:2      | Noticed an angel
   925 | D:2      | Found a glowing silver altar of Zin.
   925 | D:2      | Found a shimmering altar of Xom.
   935 | D:2      | Reached XP level 3. HP: 24/30 MP: 4/4
  1005 | D:2      | Reached skill level 3 in Axes
  1115 | D:2      | Found a blossoming altar of Fedhas.
  1563 | D:2      | Noticed Jessica
  1568 | D:2      | Killed Jessica
  1568 | D:2      | Reached XP level 4. HP: 22/37 MP: 5/5
  1892 | D:3      | Noticed Clownie's ghost (amateur OpBe)
  1938 | D:3      | Found an ancient bone altar of Kikubaaqudgha.
  1954 | D:3      | Slain by Clownie's ghost

Action                   |  1- 3 |  4- 6 || total
-------------------------+-------+-------++-------
Melee: Hand axe          |   105 |    26 ||   131
Throw: Tomahawk          |       |    15 ||    15
 Cast: Blink             |       |     3 ||     3
 Stab: Sleeping          |     1 |       ||     1
  Eat: Chunk             |     2 |     1 ||     3
